Map: New Gettysburg LE

Players

Tenonee - Winner!

  • Race: Terran Terran

Ariadust

  • Race: Zerg Zerg
  • League: Platinum

VOD

Have the link to the VOD?

Description

Time

  • Played on: July 16, 2016, 9:50 a.m.
  • Length: 10:02
Show
View Real Time Build Order
Export as new Build Order

Tenonee Terran - Winner!

Build Orders: Reaper Expand 

Get SALT Encoding   

  12  0:01  SCV  
  13  0:13  SCV  
  14  0:19  Supply Depot  
  14  0:27  SCV  
  15  0:41  SCV  
  16  0:43  Barracks  
  16  0:53  SCV  
  17  0:57  Refinery  
  17  1:05  SCV  
  18  1:19  SCV  
  18  1:21  Supply Depot  
  19  1:33  Orbital Command  
  19  1:41  Reaper  
  20  1:48  Command Center  
  20  1:58  SCV  
  21  2:10  SCV  
  22  2:15  Marine  
  22  2:19  Factory  
  23  2:23  SCV  
  24  2:35  SCV  
  25  2:40  Barracks Reactor  
  25  2:47  SCV  
  26  2:53  Barracks  
  26  2:55  Bunker  
  26  2:59  SCV  
  26  3:02  Orbital Command  
  26  3:04  Refinery  
  27  3:11  SCV  
  28  3:14  Supply Depot  
  28  3:24  SCV  
  28  3:26  Barracks Tech Lab  
  29  3:30  SCV  
  29  3:33  Hellion x2  
  34  3:36  SCV  
  34  3:38  Supply Depot  
  34  3:40  Supply Depot  
  35  3:42  SCV  
  35  3:45  Barracks Reactor  
  35  3:47  Marine, Stimpack  
  37  3:48  SCV  
  37  3:54  SCV  
  39  4:01  SCV  
  42  4:05  Widow Mine x2  
  42  4:06  SCV  
  46  4:13  SCV  
  46  4:14  Marauder  
  48  4:19  SCV  
  48  4:21  Marine x2  
  51  4:25  SCV  
  52  4:34  Marine  
  52  4:36  Supply Depot  
  53  4:39  Marine  
  53  4:43  Marine  
  53  4:52  Marine  
  53  4:55  Command Center, Factory Tech Lab, Starport  
  53  4:57  Marine  
  55  5:00  Engineering Bay, Marine  
  55  5:01  Engineering Bay  
  55  5:02  Refinery  
  55  5:03  Refinery  
  55  5:04  SCV  
  55  5:06  SCV  
  58  5:15  Marine x2  
  58  5:18  Marine  
  58  5:19  Supply Depot  
  58  5:21  SCV x2  
  61  5:32  Marine  
  61  5:33  Marine  
  63  5:37  Terran Infantry Armor Level 1, Terran Infantry Weapons Level 1  
  63  5:41  Marine  
  63  5:42  Siege Tank  
  67  5:45  SCV x2  
  69  5:50  Marine  
  70  5:57  SCV x2  
  70  6:00  Marine  
  70  6:01  Marine  
  74  6:08  Marine, Orbital Command  
  76  6:11  SCV x2  
  77  6:18  Marine x2  
  77  6:23  SCV x2  
  77  6:25  Liberator  
  81  6:29  Marine  
  82  6:35  SCV  
  82  6:36  Marine x2  
  84  6:41  Siege Tank  
  84  6:42  Medivac  
  92  6:47  Marine  
  93  6:54  Marine x2  
  93  6:55  Barracks, Armory  
  93  6:56  Barracks  
  93  6:57  Barracks  
  92  7:05  Marine  
  93  7:12  Marine x2  
  95  7:20  Medivac  
  95  7:21  Siege Tank  
  100  7:23  Marine  
  101  7:36  Supply Depot  
  101  7:37  Supply Depot  
  101  7:40  Liberator  
  101  7:43  Marine  
  101  7:48  Marine x2  
  98  7:55  Siege Tank  
  98  7:58  Medivac  
  105  8:01  Marine  
  105  8:03  Supply Depot  
  105  8:04  Supply Depot  
  106  8:05  Marine x2  
  108  8:15  Barracks Tech Lab, Barracks Reactor x2  
  108  8:19  Marine  
  109  8:23  Marine x2  
  111  8:27  Supply Depot  
  111  8:30  Supply Depot  
  111  8:32  Marine  
  112  8:37  Marine  
  112  8:38  Orbital Command  
  112  8:39  Liberator  
  113  8:41  Marine x2  
  115  8:50  Marine  
  115  8:53  Marine x2  
  115  8:54  Marine x3  
  121  8:56  Medivac  
  121  8:59  Marine x2  
  128  9:03  SCV  
  128  9:04  SCV x2  
  128  9:08  Marine  
  132  9:11  Marine x2  
  132  9:12  Marine x3  
  132  9:15  SCV  
  132  9:17  Marine  
  137  9:18  Refinery  
  137  9:21  Refinery  
  126  9:29  Marine x3  
  129  9:35  Marine  
  129  9:36  Marine  
  131  9:41  Marine  
  131  9:42  Marine  
Show
View Real Time Build Order
Export as new Build Order

Ariadust Zerg 

Build Orders: Pool First 

Get SALT Encoding   

  12  0:02  Drone  
  13  0:13  Overlord  
  13  0:18  Drone  
  14  0:31  Drone x2  
  16  0:43  Spawning Pool  
  16  0:46  Drone  
  17  0:50  Drone  
  17  1:13  Hatchery  
  17  1:16  Drone  
  17  1:20  Drone  
  18  1:29  Queen  
  20  1:33  Zergling x2  
  20  1:36  Zergling x2  
  22  1:44  Extractor, Zergling x2  
  22  1:52  Overlord  
  22  2:11  Drone  
  23  2:20  Drone  
  24  2:26  Roach Warren  
  23  2:37  Drone  
  23  2:38  Drone x3  
  23  2:41  Queen x2  
  31  3:01  Drone  
  31  3:02  Drone  
  33  3:07  Roach  
  33  3:08  Overlord  
  35  3:26  Roach  
  35  3:27  Roach x3  
  43  3:34  Overlord  
  43  3:37  Lair  
  43  3:41  Extractor  
  43  3:47  Roach  
  44  3:51  Overlord x2  
  44  3:54  Roach  
  47  3:55  Zergling x2  
  47  4:13  Roach x2  
  51  4:28  Roach  
  53  4:32  Drone x3  
  53  4:33  Drone x3  
  57  4:46  Overseer  
  57  4:54  Drone  
  57  4:55  Drone x3  
  61  5:04  Extractor  
  61  5:05  Extractor  
  59  5:08  Ravager x2  
  61  5:17  Hatchery, Drone  
  61  5:18  Drone x4  
  63  5:35  Ravager  
  64  5:36  Ravager  
  64  5:37  Zergling x4  
  64  5:38  Zergling x2  
  64  5:39  Overlord x2  
  64  5:40  Overlord x2  
  68  5:58  Spine Crawler x2  
  68  5:59  Spine Crawler  
  68  6:02  Roach x3  
  71  6:05  Drone  
  67  6:36  Roach x6  
  79  6:41  Pneumatized Carapace, Burrow  
  79  7:08  Glial Reconstitution  
  79  7:09  Metabolic Boost  
  79  7:26  Hatchery  
  79  7:28  Spore Crawler  
  77  7:30  Spore Crawler x3  
  77  7:34  Drone x2  
  77  7:35  Drone x4  
  80  7:39  Spore Crawler  
  47  7:55  Roach  
  47  7:56  Roach x3  
  44  8:24  Spore Crawler  
  44  8:25  Drone x4, Spore Crawler  
  44  8:26  Drone, Tunneling Claws  
  47  8:35  Roach  
  47  8:36  Roach x6  
  61  8:53  Zergling x2  
  61  8:54  Zergling x2  
  63  9:02  Zergling x4  
  65  9:03  Ravager x3  
  65  9:09  Roach x3  
  56  9:26  Roach x4  
  64  9:38  Spine Crawler  
Tags
 
Add a new tag
Caveats
  • Supply blocks, unpowered buildings, or Contaminate may cause inaccurate times.
  • Supply counts are checked every 10 seconds.